 Dungeon Crawl Stone Soup version 0.32-a0-747-gc8563f6773 (webtiles) character file.

Game seed: 9920621946357276967

123 cforsyth the Chopper (level 4, 0/40 HPs)
             Began as a Mountain Dwarf Cinder Acolyte on Mar 17, 2024.
             Was a High Priest of Ignis.
             Killed by divine providence
             ... invoked by an orc priest
              (12 damage)
             ... on level 2 of the Dungeon.
             The game lasted 00:03:03 (2500 turns).

cforsyth the Chopper (MDCA)                         Turns: 2500, Time: 00:03:03

Health: 0/40       AC:  4    Str: 19    XL:     4   Next: 80%
Magic:  1/6        EV: 10    Int: 14    God:    Ignis [*****.]
Gold:   93         SH:  0    Dex:  5    Spells: 4/6 levels left

rFire   + . .        a - -1 hand axe (flame)
rCold   . . .        (no shield)
rNeg    . . .        b - +0 robe
rPois   .            g - +0 helmet
rElec   .            (no cloak)
rCorr   .            f - +0 pair of gloves
SInv    .            (no boots)
Will    .....        (no amulet)
Stlth   +            (no ring)
HPRegen 0.26/turn    (no ring)
MPRegen 0.10/turn

%: no passive effects
@: no status effects
A: runic magic, artefact enchanting
a: Renounce Religion, Fiery Armour, Foxfire Swarm, Rising Flame


You were on level 2 of the Dungeon.
You worshipped Ignis.
Ignis was extremely pleased with you.
You visited 1 branch of the dungeon, and saw 3 of its levels.

You collected 93 gold pieces.


Innate Abilities, Weirdness & Mutations

Your spellcasting is much less encumbered by armour.
You can use scrolls of enchantment on lesser artefacts.


   Skills:
 + Level 4.0 Fighting
 + Level 4.4 Axes
 + Level 1.9 Armour
 + Level 1.9 Spellcasting
 + Level 4.4 Fire Magic


You had 4 spell levels left.
You knew the following spells:

 Your Spells              Type           Power      Damage    Failure   Level
X - Scorch                Fire           26%        2d6       6%          2

Your spell library contained the following spells:

 Spells                   Type           Power      Damage    Failure   Level


Inventory:

Hand Weapons
 a - a -1 hand axe of flaming (weapon)
Armour
 b - a +0 robe (worn)
 f - a +0 pair of gloves (worn)
 g - a +0 helmet (worn)
Wands
 q - a wand of light (13)
Scrolls
 c - 2 scrolls of fear {unknown}
 d - 2 scrolls of vulnerability {unknown}
 e - a scroll of brand weapon {unknown}
 i - a scroll of enchant weapon {unknown}
 j - a scroll of amnesia {unknown}
 k - 3 scrolls of identify {unknown}
 m - a scroll of fog {unknown}
 o - a scroll of poison {unknown}
Potions
 h - 2 potions of curing {unknown}
 l - a potion of might {unknown}
 n - a potion of lignification {unknown}
 p - a potion of enlightenment {unknown}

Dungeon Overview and Level Annotations

Branches:
Dungeon (3/15)

Altars:

#.#####.##.# #.#####.....▒###▒..#
▒...###....# #.#.....##..........
#.#...###..# #.#..#####..........
▒.#.#).##..# ####.# #.....##)..
#...##.##..▒#..#▒.# ##.....#####
######.....#..PP#.# #....### #
##.......▒#..#▒.####..#########
###...###..######o..##..###......
.....## ##....÷.@##.........###..
##..## #####÷#)#..#.#.#..###...
#..# #####......#....##.......
#########..................###...
........#......##..#.............
..........####..##........†######
........### ##.####.#####<.#####
........# #.# ##.# ##......
........# #.###..# ##..##.


You could see an orc priest.


Message History

The orc priest hits you but does no damage.
You hit the orc priest but do no damage.
The orc priest is severely wounded.
The orc priest mumbles some strange prayers to Beogh against you.
Pain shoots through your body!
* * * LOW HITPOINT WARNING * * *
You are too injured to fight recklessly!
You are too injured to fight recklessly!
You are too injured to fight recklessly!
You are too injured to fight recklessly!
You are too injured to fight recklessly!
Casting: Scorch (safe; 6% risk of failure)
Confirm with . or Enter, or press ? or * to list all spells.
You don't have enough magic to cast this spell.
You hit the orc priest. You burn the orc priest.
The orc priest is almost dead.
The orc priest completely misses you.
You closely miss the orc priest.
The orc priest is almost dead.
The orc priest hits you with a +0 club.
* * * LOW HITPOINT WARNING * * *
You closely miss the orc priest.
The orc priest is almost dead.
The orc priest looks satisfied for a moment.
You hit the orc priest but do no damage.
The orc priest is almost dead.
The orc priest calls down the wrath of Beogh upon you.
Beogh smites you!
You die...
Ignis goes out, and joins you in death.

Skill      XL: |  1  2  3  4 |
---------------+-------------+-----
Armour         | 1 |  1.9
Fire Magic     | 4 |  4.4
Axes           | 4 |  4.4
Fighting       | 4 |  4.0
Spellcasting   | |  1.9

Action                     |  1- 3 |  4- 6 || total
---------------------------+-------+-------++-------
  Melee: Hand axe          |    55 |    12 ||    67
   Cast: Scorch            |    25 |    11 ||    36
 Armour: Robe              |    61 |    11 ||    72
  Dodge: Dodged            |    29 |     8 ||    37

Levels and vault maps discovered:
D:1:      amcnicky_arrival_double_pillar, layout_basic, serial_rivers,
          chequers_serial_rivers_marsh, chequers_serial_rivers_micro_b,
          chequers_serial_rivers_micro_b, chequers_serial_rivers_micro_e,
          chequers_serial_rivers_large_a, chequers_serial_rivers_room_a
D:2:      layout_rooms, serial_aquarium, aquarium_bridge_square
          [aquarium_subvault_bridge, aquarium_subvault_bridge,
          aquarium_subvault_wall, aquarium_subvault_window],
          aquarium_window_fake, aquarium_window_1, aquarium_view_2a,
          aquarium_view_2d, aquarium_balcony_double_4, aquarium_pool_2
D:3:      layout_basic, mainiacjoe_overflow_alcove_2,
          chequers_ecumenical_altar_island, uniq_crazy_yiuf_cottage

Notes
Turn   | Place    | Note
-------+----------+-------------------------------------------
     0 | D:1      | cforsyth the Mountain Dwarf Cinder Acolyte began the quest
                  | for the Orb.
     0 | D:1      | Reached XP level 1. HP: 19/19 MP: 2/2
   372 | D:1      | Reached XP level 2. HP: 26/26 MP: 3/3
   393 | D:1      | Learned a level 2 spell: Scorch
  1206 | D:1      | Reached skill level 1 in Armour
  1305 | D:2      | Reached skill level 4 in Fire Magic
  1305 | D:2      | Reached XP level 3. HP: 31/31 MP: 2/5
  1479 | D:2      | Reached skill level 4 in Axes
  2221 | D:3      | Reached XP level 4. HP: 40/40 MP: 1/6
  2490 | D:2      | Reached skill level 4 in Fighting
  2500 | D:2      | Killed from afar by an orc priest

Vanquished Creatures
  An orc priest (D:2)
  5 adders
  2 dart slugs
  2 ribbon worms (D:2)
  2 orcs
  5 ball pythons
  4 endoplasms
  A giant cockroach (D:2)
  2 goblins
  4 hobgoblins
  A quokka (D:2)
  2 bats (D:1)
  A frilled lizard (D:1)
  5 kobolds
  4 rats
41 creatures vanquished.

Table legend: (Time is in decaauts)
 A = Elapsed time spent in this place.
 B = Non-inter-level travel time spent in this place.
 C = Inter-level travel time spent in this place.
 D = Time resting spent in this place.
 E = Time spent auto-exploring this place.
 F = Levels seen in this place.
 G = Mean time per level.
                   A        B        C        D        E       F      G
               +--------+--------+--------+--------+--------+-----+--------+
         Total |   2527 |   2451 |     76 |    204 |   1918 |   3 |  842.3 |
       Dungeon |   2527 |   2451 |     76 |    204 |   1918 |   3 |  842.3 |
               +--------+--------+--------+--------+--------+-----+--------+

Top non-repeatable levels by time:
     D:1: 1262 daAuts
     D:2: 1166 daAuts
     D:3: 98 daAuts

Table legend:
 A = Non-vault XP
 B = Vault XP
 C = Vault XP percentage of total XP
 D = Non-vault monster count
 E = Vault monster count
 F = Vault count percentage of total count
                 A         B        C        D         E       F
            +---------+---------+-------+---------+---------+-------
      Total |     177 |       0 |   0.0 |      41 |       0 |   0.0
            +---------+---------+-------+---------+---------+-------
        D:1 |      37 |       0 |   0.0 |      15 |       0 |   0.0
        D:2 |     106 |       0 |   0.0 |      21 |       0 |   0.0
        D:3 |      34 |       0 |   0.0 |       5 |       0 |   0.0
            +---------+---------+-------+---------+---------+-------
